 Dungeon Crawl Stone Soup version 0.32-a0-136-gc02482bde3 (webtiles) character file.

Game seed: 11031874737387573002

6321 Ceno the Mimic (level 10, 0/71 HPs)
             Began as an Octopode Shapeshifter on Feb 10, 2024.
             Was an Initiate of Gozag.
             Slain by a centaur warrior simulacrum (22 damage)
             ... on level 11 of the Dungeon.
             The game lasted 00:24:09 (12742 turns).

Ceno the Mimic (Octopode Shapeshifter)             Turns: 12742, Time: 00:24:13

Health: 0/71       AC:  1    Str: 15    XL:     10   Next: 95%
Magic:  10/10      EV: 20    Int: 18    God:    Gozag
Gold:   1170       SH:  0    Dex: 15    Spells: 9/9 levels left

rFire   + .          .
                       - Unarmed
rCold   . . .        (shield currently unavailable)
rNeg    . . .        (helmet restricted)
rPois   +            G - amulet of the acrobat
rElec   .            k - ring of protection from fire
rCorr   .            B - +6 ring of intelligence
SInv    .            K - ring of poison resistance
Will    .....        (no ring)
Stlth   +            (no ring)
HPRegen 0.31/turn    (no ring)
MPRegen 0.12/turn    (no ring)
                     (no ring)

%: acrobat
@: flux-form, glowing
A: glow, contaminating, almost no armour, amphibious, 8 rings, camouflage 1,
gelatinous body 1, (nimble swimmer 1), tentacles
a: Begin Untransformation, Renounce Religion, Potion Petition, Call Merchant,
Bribe Branch


You were on level 11 of the Dungeon.
You worshipped Gozag.
Gozag was most pleased with you.
You were something dangerously unstable.
You visited 2 branches of the dungeon, and saw 12 of its levels.

You collected 1275 gold pieces.
You paid 105 gold pieces to Gozag.

Inventory:

Missiles
 e - 57 stones (quivered)
 l - 8 poisoned darts
 p - 6 curare-tipped darts
Jewellery
 k - a ring of protection from fire (left tentacle)
 m - a ring of fire
 B - a +6 ring of intelligence (right tentacle)
 F - an amulet of guardian spirit
 G - an amulet of the acrobat (around mantle)
 K - a ring of poison resistance (on tentacle)
Talismans
 b - a beast talisman
 c - a flux talisman (active)
 j - a serpent talisman
 t - a talisman of death
Wands
 H - a wand of flame (14)
 I - a wand of light (6)
Scrolls
 d - 5 scrolls of teleportation
 f - a scroll of revelation
 g - a scroll of torment {unknown}
 n - a scroll of immolation
 o - a scroll of fog
 v - a scroll of poison
 w - a scroll of fear
 y - 4 scrolls of enchant weapon
 A - 3 scrolls of enchant armour
 E - a scroll of amnesia {unknown}
Potions
 a - 3 potions of lignification
 h - 8 potions of curing
 i - a potion of berserk rage
 q - 2 potions of haste
 r - 2 potions of degeneration
 s - 3 potions of might
 u - 2 potions of ambrosia
 x - a potion of cancellation
 z - 2 potions of magic
 C - 3 potions of brilliance
 D - a potion of mutation {unknown}
 J - a potion of heal wounds


   Skills:
 + Level 7.4 Fighting
 + Level 7.6 Dodging
 + Level 8.1 Unarmed Combat
 + Level 9.7 Shapeshifting


You had 9 spell levels left.
You didn't know any spells.
Your spell library contained the following spells:

 Spells                   Type           Power      Damage    Failure   Level
 Kiss of Death            Conj/Necr      0%         2d5       22%         1
 Slow                     Hex            0%         N/A       22%         1
 Confusing Touch          Hex            0%         N/A       54%         3
 Gell's Gravitas          Tloc           0%         N/A       54%         3
 Sigil of Binding         Hex            0%         N/A       54%         3
 Teleport Other           Tloc           0%         N/A       54%         3
 Vampiric Draining        Necr           0%         2d6       54%         3
 Dispel Undead            Necr           0%         3d6       91%         4
 Summon Forest            Summ/Tloc      0%         N/A       99%         5
 Dispersal                Tloc           0%         N/A       100%        6
 Eringya's Noxious Bog    Alch           0%         4d6       100%        6
 Summon Hydra             Summ           0%         N/A       100%        7
 Chain Lightning          Conj/Air       0%         N/A       100%        9
 Fire Storm               Conj/Fire      0%         5d1       100%        9
 Shatter                  Erth           0%         3d5*      100%        9


Dungeon Overview and Level Annotations

Branches:
Dungeon (11/15)            Temple (1/1) D:7
   Lair: D:8-11         Orc: D:9-12

Altars:
Ashenzari
Cheibriados
Dithmenos
Elyvilon
Fedhas
Gozag
Hepliaklqana
Kikubaaqudgha
Makhleb
Nemelex Xobeh
Okawaru
Qazlal
Ru
Sif Muna
Trog
Uskayaw
Vehumet
Wu Jian
Xom
Yredelemnul
Zin
The Shining One

Annotations:
D:3 1 runed translucent door, Crazy Yiuf
D:10 Josephine


Innate Abilities, Weirdness & Mutations

You are something dangerously unstable.
You glow with magical radiation, making you easy to see and hit.
Foes you strike become dangerously contaminated with magical radiation.
You are incapable of wielding weapons or throwing items.
You cannot wear most types of armour.
You are amphibious.
You can wear up to eight rings at the same time.
Your skin changes colour to match your surroundings (Stealth+).
Your rubbery body absorbs attacks. (AC +1, EV +1)
((You are camouflaged when in or above water. (Stealth+)))
You have tentacles for arms and can constrict up to eight enemies at once.


Message History

The white imp hits you but does no damage.
You tentacle-slap the white imp.
The white imp glows dangerously bright.
The white imp is severely wounded.
You constrict the white imp, but do no damage.
The white imp gestures at you. The puff of frost hits you.
You tentacle-slap the white imp.
You kill the white imp!
You now have 1170 gold pieces (gained 7).
Found a gilded ring.
HP restored.
K - a ring of poison resistance
K - a ring of poison resistance (on tentacle)
A centaur comes into view.
The centaur shouts!
The centaur wields a +0 orcbow.
The centaur shoots an arrow.
The arrow closely misses you.
The centaur shoots an arrow.
The arrow completely misses you.
You start waiting.
A centaur is nearby!
A centaur warrior simulacrum comes into view.
The centaur shoots an arrow.
The arrow barely misses you.
The centaur shoots an arrow.
The arrow completely misses you.
The centaur unwields a +0 orcbow.
The centaur completely misses you. x2
You tentacle-slap the centaur.
The centaur begins to glow.
The centaur is moderately wounded.
The centaur barely misses you. x2
The centaur warrior simulacrum hits you!
The centaur warrior simulacrum freezes you!!
The centaur warrior simulacrum kicks you.
The centaur warrior simulacrum freezes you!
An ice beast comes into view.
You bludgeon the centaur warrior simulacrum!
The centaur warrior simulacrum begins to glow.
The centaur warrior simulacrum is moderately damaged.
The centaur closely misses you. The centaur kicks you.
The centaur warrior simulacrum hits you.
The centaur warrior simulacrum freezes you!!
You die...
Your body crumbles into a pile of gold.

###### #.##.#
..######c...#########
.......Zp...........####
.Y######.##..######....#
#..........##........#
#.####.#......§§.§...#
#..#...##.§#.#...#
##.#...##..§....##
..#...##.§#§#..#
###............#
#.#.##.......#


You could see an ice beast, a centaur (contam) and a centaur warrior simulacrum
(contam).

Vanquished Creatures
  A cyclops (D:8)
  Joseph (D:10)
  A gargoyle (D:11)
  A troll (D:10)
  2 polar bears (D:11)
  A centaur simulacrum (D:11)
  Eustachio (D:4)
  A wraith (D:10)
  A yak (D:11)
  2 steam dragons
  An acid dragon (D:9)
  A water moccasin (D:6)
  2 sky beasts
  4 orc warriors
  A black bear (D:5)
  An ice beast (D:11)
  3 ogres
  3 centaurs
  A phantom (D:6)
  4 bullfrogs
  6 scorpions
  3 wights (D:6)
  10 killer bees
  2 bombardier beetles
  A hound (D:5)
  2 quasits (D:8)
  10 orc priests
  A sleepcap (D:5)
  A jelly (D:6)
  A gnoll bouda (D:7)
  13 orc wizards
  8 adders
  7 gnolls (D:7)
  2 shadow imps (D:8)
  9 white imps
  5 ufetubi
  4 dart slugs
  2 ribbon worms
  30 orcs
  7 endoplasms
  3 giant cockroaches
  7 goblins
  4 hobgoblins
  8 kobolds
  4 quokkas
  4 ball pythons
  11 bats
  3 frilled lizards
  9 rats
210 creatures vanquished.

Notes
Turn   | Place    | Note
-------+----------+-------------------------------------------
     0 | D:1      | Ceno the Octopode Shapeshifter began the quest for the Orb.
     0 | D:1      | Reached XP level 1. HP: 13/13 MP: 1/1
   201 | D:1      | Reached XP level 2. HP: 18/18 MP: 2/2
   452 | D:1      | Reached XP level 3. HP: 23/23 MP: 3/3
   471 | D:1      | Reached skill level 4 in Shapeshifting
  1175 | D:2      | Reached XP level 4. HP: 27/28 MP: 4/4
  1754 | D:3      | Reached skill level 5 in Shapeshifting
  1948 | D:3      | Found a runed translucent door.
  1949 | D:3      | Noticed Crazy Yiuf
  2024 | D:3      | Reached XP level 5. HP: 25/33 MP: 5/5
  2542 | D:3      | Found a blossoming altar of Fedhas.
  2948 | D:4      | Found a burning altar of Makhleb.
  2998 | D:4      | Found a basalt altar of Yredelemnul.
  3001 | D:4      | Found a glowing golden altar of the Shining One.
  3025 | D:4      | Found a hazy altar of Hepliaklqana.
  3077 | D:4      | Reached skill level 6 in Shapeshifting
  3077 | D:4      | Reached XP level 6. HP: 38/38 MP: 6/6
  3133 | D:4      | Noticed Eustachio
  3326 | D:4      | Noticed a profane servitor
  3332 | D:4      | Noticed an angel
  3480 | D:5      | Entered Level 5 of the Dungeon
  3513 | D:5      | Noticed a black bear
  4023 | D:6      | Noticed a water moccasin
  4026 | D:6      | Noticed an orc warrior
  4027 | D:6      | Found a glowing silver altar of Zin.
  4046 | D:6      | Killed a water moccasin
  4047 | D:6      | Reached skill level 7 in Shapeshifting
  4047 | D:6      | Reached XP level 7. HP: 34/43 MP: 7/7
  4560 | D:6      | Found a hide-covered altar of Uskayaw.
  4564 | D:6      | Noticed a steam dragon
  4576 | D:6      | Killed a steam dragon
  4840 | D:6      | Found a bloodstained altar of Trog.
  4851 | D:6      | Reached XP level 8. HP: 28/51 MP: 8/8
  5995 | D:7      | Reached skill level 5 in Unarmed Combat
  6106 | D:7      | Found a staircase to the Ecumenical Temple.
  6115 | Temple   | Entered the Ecumenical Temple
  6142 | Temple   | Became a worshipper of Gozag Ym Sagoz the Greedy
  6191 | D:7      | Found a sparkling altar of Nemelex Xobeh.
  7254 | D:5      | Reached skill level 8 in Shapeshifting
  7254 | D:5      | Reached XP level 9. HP: 47/58 MP: 9/9
  7445 | D:5      | Reached skill level 5 in Dodging
  8173 | D:4      | Killed Eustachio
  8174 | D:4      | Reached skill level 5 in Fighting
  8323 | D:8      | Noticed a cyclops
  8371 | D:8      | Killed a cyclops
  8538 | D:8      | Noticed a two-headed ogre
  8754 | D:8      | Found a sacrificial altar of Ru.
  9068 | D:8      | Found a shadowy altar of Dithmenos.
  9327 | D:8      | Identified the +2 helmet "Duqesocw" {rC- rN+ Will+}
  9803 | D:8      | Reached XP level 10. HP: 28/68 MP: 10/10
 10051 | D:8      | Reached skill level 9 in Shapeshifting
 11151 | D:10     | Entered Level 10 of the Dungeon
 11555 | D:10     | Noticed Joseph
 11563 | D:10     | Killed Joseph
 11951 | D:10     | Noticed Josephine
 12284 | D:11     | Noticed a gargoyle
 12295 | D:11     | Killed a gargoyle
 12742 | D:11     | Slain by a centaur warrior simulacrum

Illustrated notes

Levels and vault maps discovered:
D:1:      lemuel_arrival_rhombus, layout_basic
D:2:      layout_loops_cross
D:3:      layout_basic, mainiacjoe_overflow_alcove_1, roderic_serpentine_path,
          uniq_crazy_yiuf_cottage
D:4:      layout_rooms, nzn_hepliaklqana_mist_gate, bloody_makhleb,
          grunt_temple_overflow_holy_war, uniq_eustachio
D:5:      layout_basic, kennysheep_generic_room_4
D:6:      layout_basic, bloody_trog, lemuel_tele_altar,
          eat_drink_and_be_merry_uskayaw
D:7:      layout_loops_corners, mainiacjoe_overflow_boulevard,
          minmay_temple_entry_large_hall, nicolae_benzene_ring,
          kennysheep_crisscross
D:8:      layout_loops_ring, nicolae_ru_the_path_less_chosen,
          mainiacjoe_overflow_six_doors_small, serial_demonic, serial_demonic_c,
          serial_demonic_d, serial_demonic_a, serial_demonic_a,
          serial_demonic_e, serial_demonic_d
D:9:      layout_irregular_city
D:10:     layout_rooms, orc_david_3, nrook_uturn, minmay_misc_feat_tower,
          uniq_joseph, uniq_josephine
D:11:     layout_basic, minmay_lair_entry_grove, portal_ice_cave_demonic_guard,
          serial_ice, serial_ice_i, serial_ice_d, serial_ice_n, serial_ice_o,
          serial_ice_e, serial_ice_f, serial_ice_a, serial_ice_c, serial_ice_h,
          serial_ice_b, uniq_lodul
Temple:   grunt_temple_mini_profane

Skill      XL: |  1  2  3  4  5  6  7  8  9 10 |
---------------+-------------------------------+-----
Shapeshifting  | 4 5 6 7 8 9 |  9.7
Fighting       | 2 4 5 7 |  7.4
Dodging        | 3 4 6 7 |  7.6
Unarmed Combat | 4 5 6 8 |  8.1

Action                     |  1- 3 |  4- 6 |  7- 9 | 10-12 || total
---------------------------+-------+-------+-------+-------++-------
  Melee: Unarmed           |    69 |   119 |   246 |   174 ||   608
         Constrict         |    19 |    26 |    58 |    37 ||   140
         Tentacles         |    10 |    27 |    81 |    52 ||   170
         Punch             |     1 |     6 |       |       ||     7
  Throw: Stone             |       |     3 |       |       ||     3
         Dart              |       |     2 |       |       ||     2
    Use: Scroll            |       |    11 |     9 |       ||    20
         Potion            |       |     2 |       |     2 ||     4
   Stab: Sleeping          |     8 |    13 |       |       ||    21
         Distracted        |       |     1 |       |     1 ||     2
 Armour: Skin              |    26 |    55 |   111 |    83 ||   275
  Dodge: Dodged            |    40 |    57 |   191 |   203 ||   491
   Form: Flux              |       |       |     1 |       ||     1

Table legend: (Time is in decaauts)
 A = Elapsed time spent in this place.
 B = Non-inter-level travel time spent in this place.
 C = Inter-level travel time spent in this place.
 D = Time resting spent in this place.
 E = Time spent auto-exploring this place.
 F = Levels seen in this place.
 G = Mean time per level.
                   A        B        C        D        E       F      G
               +--------+--------+--------+--------+--------+-----+--------+
         Total |  12703 |  12001 |    702 |   2025 |   7374 |  12 | 1058.6 |
       Dungeon |  12653 |  11997 |    656 |   2025 |   7374 |  11 | 1150.3 |
        Temple |     49 |      3 |     46 |      0 |      0 |   1 |   49.0 |
               +--------+--------+--------+--------+--------+-----+--------+

Top non-repeatable levels by time:
     D:5: 1831 daAuts
     D:8: 1716 daAuts
     D:7: 1430 daAuts
     D:6: 1336 daAuts
     D:3: 1280 daAuts
     D:9: 1221 daAuts
    D:10: 1005 daAuts
     D:4: 849 daAuts
     D:2: 824 daAuts
     D:1: 824 daAuts
    D:11: 334 daAuts
  Temple: 49 daAuts
